 Dungeon Crawl Stone Soup version 0.21.0 (webtiles) character file.

247 Gargoyl the Skirmisher (level 5, -6/46 HPs)
             Began as a Centaur Abyssal Knight on Jan 8, 2018.
             Was a Believer of Lugonu.
             Splashed by Ijyb's acid (9 damage)
             ... on level 3 of the Dungeon.
             The game lasted 00:05:33 (3940 turns).

Gargoyl the Skirmisher (Centaur Abyssal Knight)     Turns: 3940, Time: 00:05:34

Health: -6/46      AC:  2    Str: 15    XL:     5   Next: 85%
Magic:  7/7        EV:  6    Int: 11    God:    Lugonu [**....]
Gold:   223        SH:  6    Dex:  9    Spells: 4/4 levels left

rFire    . . .     SeeInvis .   f - +0 hand axe (drain)
rCold    + . .     Gourm    .   i - +3 buckler
rNeg     . . .     Faith    .   o - +0 scale mail
rPois    .         Spirit   .   (no helmet)
rElec    .         Reflect  .   (no cloak)
rCorr    .         Harm     .   (no gloves)
MR       .....                  (no barding)
Stlth    ..........             g - amulet of magic regeneration
HPRegen  0.15/turn              d - ring of protection from cold
MPRegen  0.35/turn              (no ring)

@: corroded, very quick
A: large, hooves 3, deformed body, speed 2, tough skin 3
a: Depart the Abyss, Bend Space, Renounce Religion


You were on level 3 of the Dungeon.
You worshipped Lugonu.
Lugonu was pleased with you.
You were hungry.

You visited 1 branch of the dungeon, and saw 4 of its levels.
You visited the Abyss 1 time.

You collected 223 gold pieces.

Inventory:

Hand Weapons
 a - a +1 hand axe
 f - a +0 hand axe of draining (weapon)
Armour
 i - a +3 buckler (worn)
 o - a +0 scale mail (worn)
Jewellery
 d - a ring of protection from cold (left hand)
 g - an amulet of magic regeneration (around neck)
Scrolls
 b - a scroll of identify
 l - 2 scrolls of remove curse
 n - a scroll of teleportation
Potions
 e - 2 potions of lignification {unknown}
 h - a potion of degeneration {unknown}
 j - 2 potions of agility {unknown}
 k - 2 potions of magic {unknown}
 m - a potion of mutation {unknown}
 p - a potion of heal wounds {unknown}
 r - a potion of haste {unknown}
Comestibles
 c - 6 rations


   Skills:
 + Level 4.0 Fighting
 + Level 3.7 Axes
 * Level 2.3 Armour
 + Level 1.1 Dodging
 + Level 0.1 Shields
 * Level 2.9 Invocations


You had 4 spell levels left.
You didn't know any spells.

Dungeon Overview and Level Annotations

Branches:
Dungeon (4/15)
 Temple: D:4-7

Altars:

Annotations:
D:3 Ijyb


Innate Abilities, Weirdness & Mutations

You have hooves in place of feet.
Armour fits poorly on your strangely shaped body.
You cover ground very quickly.
You have extremely tough skin. (AC +3)


Message History

The orc dies!
Unknown command.
You hit Ijyb. You drain Ijyb!
Ijyb is heavily wounded.
Ijyb barely misses you.
Ijyb zaps a wand.
The bolt of acid misses you.
Unknown command.
You completely miss Ijyb. Your kick misses Ijyb.
Ijyb is heavily wounded.
Ijyb hits you but does no damage.
Unknown command.
You hit Ijyb but do no damage.
Ijyb is heavily wounded.
You block Ijyb's attack.
Unknown command.
You hit Ijyb. Your kick misses Ijyb.
Ijyb is severely wounded.
Ijyb zaps a wand.
The bolt of acid hits you!
* * * LOW HITPOINT WARNING * * *
You are splashed with acid!
The acid burns!
You die...

####### #<....#
#########.....#
..............#
#########.....#
#.....#
###.########
#....g@).#
##.######.#
#..# #.# #..#
#.#
##########..#
#.#
............#
#.#
##########.##
#.# #.# #.#
##### #.# #.#


You could see Ijyb.

Vanquished Creatures
  A howler monkey (D:4)
  Jessica (D:2)
  A worker ant (D:4)
  An iguana (D:4)
  3 adders
  An ooze (D:3)
  An adder skeleton (D:4)
  2 worms
  A dart slug (D:2)
  2 leopard geckos
  7 orcs
  3 ball pythons (D:3)
  7 bats
  2 giant cockroaches (D:1)
  10 hobgoblins
  11 jackals
  2 quokkas
  9 frilled lizards
  4 goblins
  10 kobolds
  8 rats
87 creatures vanquished.

Vanquished Creatures (others)
  An orc (D:3)
1 creature vanquished.

Grand Total: 88 creatures vanquished

Notes
Turn   | Place    | Note
-------+----------+-------------------------------------------
     0 | Abyss:1  | Gargoyl the Centaur Abyssal Knight began the quest for the Orb.
     0 | Abyss:1  | Reached XP level 1. HP: 19/19 MP: 2/2
   104 | Abyss:1  | Noticed a neqoxec
   111 | Abyss:1  | Noticed a ynoxinul
   115 | D:1      | Escaped the Abyss
   191 | D:1      | Reached * piety under Lugonu
   224 | D:1      | Reached XP level 2. HP: 26/26 MP: 3/3
   809 | D:1      | Reached XP level 3. HP: 33/33 MP: 4/4
  1216 | D:2      | Reached ** piety under Lugonu
  1216 | D:2      | Reached skill level 1 in Dodging
  1292 | D:2      | Reached XP level 4. HP: 26/40 MP: 5/5
  1522 | D:2      | Noticed Jessica
  1529 | D:2      | Killed Jessica
  2072 | D:3      | Reached skill level 4 in Fighting
  2324 | D:3      | Reached XP level 5. HP: 46/46 MP: 6/6
  3563 | D:4      | Noticed Ijyb
  3940 | D:3      | Splashed by Ijyb's acid

Skill      XL: |  1  2  3  4  5 |
---------------+----------------+-----
Axes           | 2 3 |  3.7
Dodging        | 1 |  1.1
Fighting       | 4 |  4.0
Armour         | 2 |  2.3
Shields        | |  0.1
Invocations    | |  2.9

Action                   |  1- 3 |  4- 6 || total
-------------------------+-------+-------++-------
Melee: Hand axe          |   113 |   146 ||   259
       Kick              |    16 |    22 ||    38
Invok: Depart the Abyss  |     1 |       ||     1
  Use: Scroll            |     2 |     3 ||     5
       Potion            |     1 |       ||     1
  Eat: Chunk             |     1 |     6 ||     7
Armor: Leather armour    |    33 |       ||    33
       Ring mail         |    19 |    22 ||    41
       Scale mail        |       |    32 ||    32
Dodge: Dodged            |    70 |    48 ||   118
Block: Buckler           |     4 |    33 ||    37
